 Dungeon Crawl Stone Soup version 0.30.0-19-g36f170ea60 (webtiles) character file.

Game seed: 10036619903283723561

1943 CaptainMV the Grave Robber (level 8, -4/51 (56) HPs)
             Began as a Demonspawn Wanderer on May 30, 2023.
             Slain by a wight
             ... wielding a +3 war axe
              (8 damage)
             ... on level 8 of the Dungeon.
             The game lasted 00:44:21 (4548 turns).

CaptainMV the Grave Robber (Demonspawn Wanderer)    Turns: 4548, Time: 00:44:27

HP:   -4/51 (56)    AC: 10    Str: 13    XL:     8   Next: 98%
MP:   2/17          EV: 11    Int: 14    God:
Gold: 267           SH:  0    Dex: 14    Spells: 14/19 levels left

rFire   + . .        a - +0 shortbow
rCold   . . .        (shield currently unavailable)
rNeg    . . .        J - +2 scale mail {rF+}
rPois   .            (no helmet)
rElec   .            i - +0 cloak
rCorr   .            (no gloves)
SInv    +            (no boots)
Will    .....        (no amulet) Stlth
                     f - ring of see invisible
HPRegen 0.28/turn    q - ring of wizardry
MPRegen 0.15/turn

%: wizardry (x1)
@: very slightly contaminated, drained
A: repulsion field 1, powered by pain 1, spiny 1, weakness stinger 1
a: no special abilities


You were on level 8 of the Dungeon.
You visited 2 branches of the dungeon, and saw 9 of its levels.

You collected 442 gold pieces.
You spent 175 gold pieces at shops.

Inventory:

Hand Weapons
 a - a +0 shortbow (weapon)
 b - a +5 spear of flaming
Missiles
 j - 5 poisoned darts
Armour
 i - a +0 cloak (worn)
 J - a +2 scale mail of fire resistance (worn)
Magical Staves
 y - a staff of air
Jewellery
 f - a ring of see invisible (left hand)
 q - a ring of wizardry (right hand)
 s - an amulet of the acrobat
 B - a +6 ring of strength
Wands
 t - a wand of acid (20)
 I - a wand of iceblast (7)
Scrolls
 c - a scroll of fog
 m - a scroll of amnesia
 C - 2 scrolls of magic mapping
 E - a scroll of enchant armour
 F - a scroll of identify
 G - a scroll of summoning
 H - a scroll of teleportation
Potions
 e - 4 potions of flight
 g - 2 potions of heal wounds {unknown}
 h - 2 potions of magic {unknown}
 k - 3 potions of degeneration {unknown}
 l - 2 potions of brilliance {unknown}
 n - 2 potions of ambrosia {unknown}
 o - a potion of invisibility {unknown}
 p - 3 potions of mutation {unknown}
 r - a potion of cancellation {unknown}
 v - a potion of berserk rage {unknown}
 w - 2 potions of attraction {unknown}
 x - a potion of might {unknown}
 z - a potion of haste {unknown}
 D - a potion of resistance {unknown}


   Skills:
 + Level 2.1 Fighting
 + Level 5.0 Ranged Weapons
 + Level 3.5 Armour
 + Level 2.0 Dodging
 + Level 6.2 Spellcasting
 + Level 7.8 Necromancy
 + Level 1.0 Evocations


You had 14 spell levels left.
You knew the following spells:

 Your Spells              Type           Power      Damage    Failure   Level
a - Necrotise             Necr           100%       1d9       1%          1
b - Dispel Undead         Necr           26%        3d13      11%         4

Your spell library contained the following spells:

 Spells                   Type           Power      Damage    Failure   Level
 Sublimation of Blood     Necr           26%        N/A       1%          2
 Kiss of Death            Conj/Necr      60%        2d10      6%          1
 Apportation              Tloc           8%         N/A       26%         1
 Summon Small Mammal      Summ           16%        N/A       26%         1
 Confusing Touch          Hex            4%         N/A       58%         3
 Volatile Blastmotes      Fire/Tloc      8%         2d10      58%         3
 Fulminant Prism          Conj/Hex       2%         3d5       92%         4
 Iskenderun's Mystic Bla  Conj/Tloc      4%         2d3       92%         4
 Iskenderun's Battlesphe  Conj           4%         2d6       99%         5
 Lee's Rapid Deconstruct  Erth           2%         3d4*      99%         5
 Iron Shot                Conj/Erth      2%         9d2       100%        6
 Spellforged Servitor     Conj/Summ      2%         N/A       100%        7


Dungeon Overview and Level Annotations

Branches:
Dungeon (8/15)             Temple (1/1) D:5
   Lair: D:8-11

Altars:
Ashenzari
Cheibriados
Dithmenos
Fedhas
Gozag
Hepliaklqana
Kikubaaqudgha
Makhleb
Nemelex Xobeh
Okawaru
Qazlal
Ru
Sif Muna
Uskayaw
Vehumet
Wu Jian
Xom

Shops:
D:4 :   D:7 [


Innate Abilities, Weirdness & Mutations

You are surrounded by a mild repulsion field. (EV +2)
You sometimes gain a little power by taking damage.
You are partially covered in sharp spines.
You have a small tail.


Message History

Fire: a) +0 shortbow
Press: ? - help, Q - select action, (/) - cycle Shift-Dir - straight line, f/p - wight
Aim: a wight, wielding a +4 great sword of freezing, wearing a +0 robe and quivering stones (moderately damaged, 62% to hit)
You shoot an arrow.
The arrow hits the wight but does no damage.
The wight is moderately damaged.
You feel sick.
Fire: a) +0 shortbow
Press: ? - help, Q - select action, (/) - cycle Shift-Dir - straight line, f/p - wight
Aim: a wight, wielding a +4 great sword of freezing, wearing a +0 robe and quivering stones (moderately damaged, 62% to hit)
You shoot an arrow. The arrow barely misses the wight.
You feel sick.
You are no longer poisoned.
A wight comes into view. It is wielding a +5 battleaxe.
A wight comes into view. It is wielding a +3 war axe.
The wight is struck by your spines.
The wight hits you with a +4 great sword of freezing!
You feel drained. The wight freezes you.
* * * LOW HITPOINT WARNING * * *
You feel better. The wight barely misses you.
Unknown command.
Casting: Dispel Undead (dangerous; 11% risk of failure)
Confirm with . or Enter, or press ? or * to list all spells.
Aiming: Dispel Undead (dangerous; 11% risk of failure)
Press: ? - help, Shift-Dir - straight line, f/p - wight
Aim: a wight, wielding a +4 great sword of freezing, wearing a +0 robe and quivering stones (severely damaged, 100% to hit)
You miscast Dispel Undead.
You feel very uncomfortable!
You feel drained.
The wight hits you with a +4 great sword of freezing!
* * * LOW HITPOINT WARNING * * *
The wight freezes you.
* * * LOW HITPOINT WARNING * * *
Casting: Dispel Undead (dangerous; 11% risk of failure)
Confirm with . or Enter, or press ? or * to list all spells.
Aiming: Dispel Undead (dangerous; 11% risk of failure)
Press: ? - help, Shift-Dir - straight line, f/p - wight
Aim: a wight, wielding a +4 great sword of freezing, wearing a +0 robe and quivering stones (severely damaged, 100% to hit)
The wight is dispelled!!
You destroy the wight!
The wight is struck by your spines. The wight hits you with a +3 war axe!
You die...

### .. ..##.## ###
.....##..#
........# .z.....#
#.....# #z)..# #@##
###..# ###
...#....####.##
..........#...####
...............#.##
##.....<..........#
##.....##.......##
#.....####.......#
#.....
#........#####


You could see 2 wights.

Vanquished Creatures
  A wyvern (D:7)
  A water moccasin (D:6)
  A sky beast (D:7)
  An ogre (D:6)
  A centaur (D:6)
  2 phantoms
  A gnoll sergeant (D:5)
  A bullfrog (D:7)
  2 wights (D:8)
  6 killer bees (D:8)
  2 howler monkeys
  2 jellies
  3 hounds
  4 orc priests
  2 sleepcaps
  2 iguanas
  3 orc wizards
  4 adders
  11 gnolls
  A shadow imp (D:6)
  A white imp (D:7)
  3 dart slugs
  2 worms (D:2)
  22 orcs
  5 ball pythons
  6 endoplasms
  2 giant cockroaches
  3 goblins
  8 hobgoblins
  4 quokkas
  8 bats
  2 frilled lizards
  4 kobolds
  2 rats
123 creatures vanquished.

Vanquished Creatures (collateral kills)
  A jelly (D:6)
  An orc (D:5)
  A rat (D:1)
3 creatures vanquished.

Vanquished Creatures (others)
  An orc wizard (D:3)
1 creature vanquished.

Grand Total: 127 creatures vanquished

Notes
Turn   | Place    | Note
-------+----------+-------------------------------------------
     0 | D:1      | CaptainMV the Demonspawn Wanderer began the quest for the
                  | Orb.
     0 | D:1      | CaptainMV set off with the following items: a +0 sling, a
                  | +0 scale mail, a scroll of fog; and the following spells
                  | available to memorise: Necrotise, Sublimation of Blood,
                  | Kiss of Death.
     0 | D:1      | Reached XP level 1. HP: 13/13 MP: 3/3
     2 | D:1      | Learned a level 1 spell: Necrotise
   100 | D:1      | Gained mutation: You sometimes gain a little power by
                  | taking damage. [demonic ancestry]
   100 | D:1      | Reached XP level 2. HP: 17/19 MP: 1/5
   700 | D:2      | Reached XP level 3. HP: 25/25 MP: 2/6
   819 | D:2      | Identified the +3 robe of Jifeaph {rCorr}
  1131 | D:2      | Gained mutation: You have a small tail. [demonic ancestry]
  1131 | D:2      | Reached XP level 4. HP: 25/31 MP: 1/8
  1420 | D:3      | Reached skill level 4 in Necromancy
  1420 | D:3      | Gained mutation: You are surrounded by a mild repulsion
                  | field. (EV +2) [demonic ancestry]
  1420 | D:3      | Reached XP level 5. HP: 33/36 MP: 0/9
  1801 | D:4      | Found a hazy altar of Hepliaklqana.
  1819 | D:4      | Found a radiant altar of Vehumet.
  1960 | D:4      | Noticed a walking earthen tome
  1971 | D:4      | Found Gagheuck's Book Emporium.
  2003 | D:4      | Noticed a walking divine tome
  2346 | D:5      | Entered Level 5 of the Dungeon
  2373 | D:5      | Found a sacrificial altar of Ru.
  2373 | D:5      | Found a hide-covered altar of Uskayaw.
  2373 | D:5      | Found an opulent altar of Gozag.
  2375 | D:5      | Found an iron altar of Okawaru.
  2375 | D:5      | Found an ornate altar of the Wu Jian Council.
  2472 | D:5      | Reached skill level 5 in Necromancy
  2472 | D:5      | Gained mutation: You are partially covered in sharp spines.
                  | [demonic ancestry]
  2472 | D:5      | Reached XP level 6. HP: 17/42 MP: 0/11
  2531 | D:5      | Found a staircase to the Ecumenical Temple.
  2551 | Temple   | Entered the Ecumenical Temple
  3030 | D:5      | Reached skill level 6 in Necromancy
  3091 | D:5      | Reached skill level 1 in Fighting
  3091 | D:5      | Reached XP level 7. HP: 29/48 MP: 13/13
  3413 | D:6      | Reached skill level 5 in Spellcasting
  3423 | D:6      | Reached XP level 8. HP: 34/54 MP: 3/15
  3564 | D:6      | Reached skill level 1 in Dodging
  3564 | D:6      | Reached skill level 7 in Necromancy
  3862 | D:7      | Found Uxzadigh's Antique Armour Shoppe.
  3994 | D:7      | Learned a level 4 spell: Dispel Undead
  4244 | D:7      | Bought a shiny scale mail for 175 gold pieces
  4324 | D:8      | Reached skill level 5 in Ranged Weapons
  4481 | D:8      | Identified the +0 whip of the Horn {venom, Dex+2}
  4548 | D:8      | Slain by a wight

Illustrated notes

Levels and vault maps discovered:
D:1:      sevenhm_arrival_forest_fort_small_1, layout_basic,
          chequers_serial_rivers_small_a, minmay_bisected
D:2:      layout_loops_ring, kennysheep_potato
D:3:      layout_basic
D:4:      layout_basic, mainiacjoe_overflow_swirl, serial_shops,
          nicolae_shop_mannequins
D:5:      nicolae_cairo_tiling_very_big, layout_loops_ring,
          grunt_temple_overflow_open, minmay_temple_entry_hall,
          reono_crystal_passage, minmay_small_thing
D:6:      layout_loops_ring, nrook_campfire, kennysheep_boxes
D:7:      layout_rooms, serial_shops, shop
D:8:      layout_cave_pools, lemuel_mausoleum_altar_yredelemnul, serial_shops,
          shop, amcnicky_mini_rare_corridor_liquid
Temple:   dshaligram_water_room_temple

Skill      XL: |  1  2  3  4  5  6  7  8 |
---------------+-------------------------+-----
Ranged Weapons | 2 3 4 5 |  5.0
Armour         | 2 3 |  3.5
Spellcasting   | 3 4 5 6 |  6.2
Necromancy     | 4 5 6 7 |  7.8
Fighting       | 1 2 |  2.1
Dodging        | 2 |  2.0
Evocations     | |  1.0

Action                     |  1- 3 |  4- 6 |  7- 9 || total
---------------------------+-------+-------+-------++-------
  Melee: Spear             |       |     3 |     6 ||     9
         Tailslap          |       |       |     3 ||     3
   Fire: Sling             |    76 |    63 |     5 ||   144
         Shortbow          |       |       |    56 ||    56
   Cast: Necrotise         |    54 |    91 |    73 ||   218
         Dispel Undead     |       |       |     2 ||     2
  Evoke: Wand              |       |     1 |       ||     1
    Use: Scroll            |     3 |     4 |     3 ||    10
         Potion            |       |     1 |     3 ||     4
 Armour: Scale mail        |    48 |    42 |    53 ||   143
  Dodge: Dodged            |    46 |    62 |    80 ||   188
